Workbook
Name HelperTable: DGR!$A$17:$B$20
Name SelectedRange: VLOOKUP('REPORTING FORM'!A1048564, HelperTable, 2, FALSE)
Name TIPBlue: DGR!$B$5:$B$7
Name TIPGreen: DGR!$B$2
Name TIPOrange: DGR!$B$3:$B$4

Sheet REPORTING FORM
C2: ACTRA-PRS | H2: COMPANY NAME
C3: ACTRA Indie Production (AIP)
C5: AIP Production Title: | G5: For the Period Ending (YY-MM-DD):
C6: Production Year | G6: Tax Territory (please choose):
C7: Delivery Date (to Distributor) (YY-MM-DD): | G7: Corresponding DGR Participation (%): | H7: 0.036 | I7: =IFERROR(_xlfn.XLOOKUP(#REF!, 'Delcared Use_HST'!A32:A39, 'Delcared Use_HST'!B32:B39), "")
C8: AIP Use (please enter): | E8: {=IF(ISNA(MATCH(D8, INDIRECT(_xlfn.SWITCH(#REF!, "TIP 2002 - 2014", "TIPGreen", "TIP 2015 - 2017", "TIPOrange", "TIP 2018 - 2020 - Class I", "TIPBlue", "TIP 2018 - 2020 - Class II, III, & IV", "TIPBlue")), 0)), "Option invalid, select correct IPA Term", "")} | G8: Theatrical worldwide for one (1) year from first Theatrical Use
C9: Total Tax Credit and Funding:
C14: All Sales
C15: (Please enter sales in Sales Amount sheet) | G15: DGR % of Total Agreements | H15: =IFERROR(SUM(D17*$H$7), "") -> 0
D16: Value | G16: DGR % of Total Additional Gross Sales | H16: =IFERROR(SUM(D18*$H$7), "") -> 0
C17: Total Agreements | D17: ='Sales Amount'!F20 -> 0
C18: Total Additional Gross Sales | D18: ='Sales Amount'!K63 -> 0 | G18: =IFERROR(SUM(#REF!*$H$7), "")
G19: Total this Report: | H19: =ROUND(SUM(H15:H16),2) -> 0
C20: Total Sales: | D20: =SUBTOTAL(9,D14:D18) -> 0
G21: {=_xlfn.IFS(D6=2026, "12.5% Insurace & Retirement",D6=2027, "13% Insurace & Retirement",TRUE, "12% Insurace & Retirement")} -> 12% Insurace & Retirement | H21: {=IF(H19 <= 0, 0, ROUND(H19 * _xlfn.IFS(D6=2026, 12.5%,D6=2027, 13%,TRUE, 12%), 2))} -> 0
G23: 1% Administration Fee | H23: =IF(OR(H19 <= 0, H21 <= 0), 0, ROUND(SUM(H19, H21) * 1%, 2)) -> 0
C24: Late Payment Calculation: | G24: (1% of Total Payable to ACTRA PRS)
C25: Prime Rate:
C26: Click here for prime rates. | G26: Subtotal | H26: =IF(H19<=0, 0, ROUND(SUM(H19,H21,H23),2)) -> 0
C27: Interest Rate (P + 3%) | D27: =IF(D25="", "", D25+3%) | G27: Previously paid amount: | H27: 0
C28: Reporting Due Date: | D28: =IF(H5="", "", H5+60) | G28: =IFERROR(_xlfn.XLOOKUP(H6, 'Delcared Use_HST'!A3:A16, 'Delcared Use_HST'!E3:E16), "Please choose 'Tax Territory'") -> Please choose 'Tax Territory' | H28: =IFERROR((H26-H27) * _xlfn.XLOOKUP(H6,'Delcared Use_HST'!A3:A15,'Delcared Use_HST'!B3:B15), 0) -> 0
C29: Date Submitted to ACTRA PRS (YY-MM-DD): | G29: =IF(ISBLANK(H6), "", IFERROR(_xlfn.XLOOKUP(H6, 'Delcared Use_HST'!A3:A16, 'Delcared Use_HST'!G3:G16), ""))
C30: Months Late | D30: =IFERROR(DATEDIF(D28,D29,"m")," ") | G30: Late Payment Charges (Prime Rate +3% montly) | H30: =IFERROR(IF(H19<=0, 0, (H26*D27)*(D30/12)),0) -> 0
G32: Total Payable to ACTRA Performers' Rights Society | H32: =H28+H30+H26-H27 -> 0 | I32: CAD
J34: =IF(I32="", "Kindly indicate USD/CAD", "")

Sheet Sales Amount
B2: Production Title: | C2: =IF('REPORTING FORM'!D5=""," ",'REPORTING FORM'!D5)
B4: For the period ending: | C4: =IF('REPORTING FORM'!H5=""," ",'REPORTING FORM'!H5)
B6: Explanation: Please list all agreements in the "AGREEMENTS" section. If there are sales needed to be reported such as distributor sales from a Distributor Advance Agreement please list all sales from source in the "ADDITIONAL GROSS SALES" section.
B8: AGREEMENTS
B9: Distributor(s) / License Agreements | C9: Agreement Type (please choose): | D9: Agreement Currency | E9: Total Sales Amount (amount before allocation in contract currency) | F9: CAD Amount | G9: Territory | H9: Notes (Include License Period, Number of Runs, Allocation % and Amounts, Agreement Details):
E20: Total: | F20: =SUMIFS(Table5[[#All],[Column5]], Table5[[#All],[Column2]], "<>Distributor Agreement - Advance") -> 0 | G20: (Does not include Distributor Advances)
B24: ADDITIONAL GROSS SALES
B25: Distributor | C25: Territory | D25: Media Market | E25: Current Use Within Prepayment/Declared Use (Buyout) | F25: Current Sales Less Buyout | G25: Distributor Reported Currency | H25: Current Exchange Rate to CAD if Foreign Currency | I25: Triggers Use Fees
I26: Last Reported Cumulative | J26: Current Reporting Period | K26: Cumulative Balance
H27: (Input "1.00" if it is in CAD) | I27: (Copy previous cumulative balance, excluding first-time reports)
J29: ='Sales Amount'!$F29*'Sales Amount'!$H29 -> 0 | K29: =Table6[[#This Row],[Column8]]+Table6[[#This Row],[Column9]] -> 0
J30: ='Sales Amount'!$F30*'Sales Amount'!$H30 -> 0 | K30: =Table6[[#This Row],[Column8]]+Table6[[#This Row],[Column9]] -> 0
J31: ='Sales Amount'!$F31*'Sales Amount'!$H31 -> 0 | K31: =Table6[[#This Row],[Column8]]+Table6[[#This Row],[Column9]] -> 0
J32: ='Sales Amount'!$F32*'Sales Amount'!$H32 -> 0 | K32: =Table6[[#This Row],[Column8]]+Table6[[#This Row],[Column9]] -> 0
J33: ='Sales Amount'!$F33*'Sales Amount'!$H33 -> 0 | K33: =Table6[[#This Row],[Column8]]+Table6[[#This Row],[Column9]] -> 0
J34: ='Sales Amount'!$F34*'Sales Amount'!$H34 -> 0 | K34: =Table6[[#This Row],[Column8]]+Table6[[#This Row],[Column9]] -> 0
J35: ='Sales Amount'!$F35*'Sales Amount'!$H35 -> 0 | K35: =Table6[[#This Row],[Column8]]+Table6[[#This Row],[Column9]] -> 0
J36: ='Sales Amount'!$F36*'Sales Amount'!$H36 -> 0 | K36: =Table6[[#This Row],[Column8]]+Table6[[#This Row],[Column9]] -> 0
J37: ='Sales Amount'!$F37*'Sales Amount'!$H37 -> 0 | K37: =Table6[[#This Row],[Column8]]+Table6[[#This Row],[Column9]] -> 0
J38: ='Sales Amount'!$F38*'Sales Amount'!$H38 -> 0 | K38: =Table6[[#This Row],[Column8]]+Table6[[#This Row],[Column9]] -> 0
J39: ='Sales Amount'!$F39*'Sales Amount'!$H39 -> 0 | K39: =Table6[[#This Row],[Column8]]+Table6[[#This Row],[Column9]] -> 0
J40: ='Sales Amount'!$F40*'Sales Amount'!$H40 -> 0 | K40: =Table6[[#This Row],[Column8]]+Table6[[#This Row],[Column9]] -> 0
... J62: ='Sales Amount'!$F62*'Sales Amount'!$H62 -> 0 | K62: =Table6[[#This Row],[Column8]]+Table6[[#This Row],[Column9]] -> 0
H63: Totals: | I63: =SUM(Table6[[#All],[Column8]]) -> 0 | J63: =SUM(Table6[[#All],[Column9]]) -> 0 | K63: =SUM(Table6[[#All],[Column10]]) -> 0

Sheet DGR
A1: IPATerm | B1: UseFee | C1: DGR | D1: =_xlfn.TEXTJOIN("-",2,A2,TIPGreen) -> TIP 2002 - 2014-All Use | E1: 0.036
A2: TIP 2002 - 2014 | B2: All Use | C2: 0.036 | D2: =_xlfn.TEXTJOIN("-",2,A3,B3) -> TIP 2015 - 2017-Feature Films | E2: 0.05 | U2: IPA 1995 - 1998 | X2: {=_xlfn.ANCHORARRAY(_xlfn.XLOOKUP(U2,Level1,Level2Res))} -> #NAME? | AI2: {=_xlfn.UNIQUE(DGRIPA[UseFee])} -> All Use | AO2: {=TRANSPOSE(_xlfn.UNIQUE(_xlfn._xlws.FILTER(DGRIPA[DGR],DGRIPA[UseFee]=AI2)))} -> 0.036 | AP2: 0.05 | AR2: 100% Advance | AT2: {=_xlfn.ANCHORARRAY(_xlfn.XLOOKUP(AR2,Level2,Level3Res))} -> #NAME?
A3: TIP 2015 - 2017 | B3: Feature Films | C3: 0.05 | D3: TIP 2015 - 2017-Theatrical, Pay TV, Basic Cable, Free TV and Ancillary revenue | E3: 0.036 | AI3: Feature Films
A4: TIP 2018 - 2020 - Class I | B4: Theatrical, Pay TV, Basic Cable, Free TV and Ancillary revenue | C4: 0.036 | D4: =_xlfn.TEXTJOIN("-",2,DGRIPA[[#This Row],[IPATerm]],B5) -> TIP 2018 - 2020 - Class I-All Use | E4: 0.05 | AI4: Theatrical, Pay TV, Basic Cable, Free TV and Ancillary revenue
A5: TIP 2018 - 2020 - Class II, III & IV | B5: All Use | C5: 0.05 | D5: TIP 2018 - 2020 - Class I-Theatrical, Pay TV, Basic Cable, Free TV, Ditigal Media and Ancillary revenue | E5: 0.05 | AI5: Theatrical, Pay TV, Basic Cable, Free TV, Ditigal Media and Ancillary revenue
B6: Theatrical, Pay TV, Basic Cable, Free TV, Ditigal Media and Ancillary revenue | C6: 0.05 | D6: TIP 2018 - 2020 - Class I-Feature Films | E6: 0.036
B7: Feature Films | C7: 0.036 | D7: TIP 2018 - 2020 - Class II, III & IV-All Use | E7: 0.05
D8: TIP 2018 - 2020 - Class II, III & IV-Theatrical, Pay TV, Basic Cable, Free TV, Ditigal Media and Ancillary revenue | E8: 0.05
D9: TIP 2018 - 2020 - Class II, III & IV-Feature Films | E9: 0.036
A17: TIP 2002 - 2014 | B17: TIPGreen
A18: TIP 2015 - 2017 | B18: TIPOrange
A19: TIP 2018 - 2020 - Class I | B19: TIPBlue
A20: TIP 2018 - 2020 - Class II, III & IV | B20: TIPBlue
A23: =VLOOKUP('REPORTING FORM'!#REF!, HelperTable, 2, FALSE) -> #REF!

Sheet Reference
A1: IPATerm | B1: UseFee | C1: DGR | D1: 1995-1998-100% Advance | E1: 0.06 | F1: =IF(OR('REPORTING FORM'!#REF!="1995-1998",'REPORTING FORM'!#REF!="1999-2001",'REPORTING FORM'!#REF!="2002-2003",'REPORTING FORM'!#REF!="2004-2006"),"Green",IF(OR('REPORTING FORM'!#REF!="2007-2009",'REPORTING FORM'!#REF!="2010-2012",'REPORTING FORM'!#REF!="2013-2015"),"Pink",IF(OR('REPORTING FORM'!#REF!="2016-2018",'REPORTING FORM'!#REF!="2019-2021",'REPORTING FORM'!#REF!="2022-2024"),"Blue","Default"))) -> #REF! | G1: DO NOT TOUCH CELL E1 and F1
A2: 1995-1998 | B2: 100% Advance | C2: 0.06 | D2: 1995-1998-75% Advance | E2: 0.07
A3: 1999-2001 | B3: 75% Advance | C3: 0.07 | D3: 1995-1998-50% Advance | E3: 0.08
A4: 2002-2003 | B4: 50% Advance | C4: 0.08 | D4: 1995-1998-25% Advance | E4: 0.09
A5: 2004-2006 | B5: 25% Advance | C5: 0.09 | D5: 1995-1998-0% Advance | E5: 0.11
A6: 2007-2009 | B6: 0% Advance | C6: 0.11 | D6: 1995-1998-0% Advance - Super Low Budget | E6: 0.13
A7: 2010-2012 | B7: 0% Advance - Super Low Budget | C7: 0.13 | D7: 1999-2001-100% Advance | E7: 0.06
A8: 2013-2015 | B8: 100% Advance | C8: 0.05 | D8: 1999-2001-75% Advance | E8: 0.07
A9: 2016-2018 | B9: 75% Advance | C9: 0.06 | D9: 1999-2001-50% Advance | E9: 0.08
A10: 2019-2021 | B10: 50% Advance | C10: 0.07 | D10: 1999-2001-25% Advance | E10: 0.09
A11: 2022-2024 | B11: 25% Advance | C11: 0.08 | D11: 1999-2001-0% Advance | E11: 0.11
B12: 0% Advance | C12: 0.09 | D12: 1999-2001-0% Advance - Super Low Budget | E12: 0.13
B13: 0% Advance - Super Low Budget | C13: 0.11 | D13: 2002-2003-100% Advance | E13: 0.06
B14: 135% PrePayment | All Use Including New Media | C14: 0.05 | D14: 2002-2003-75% Advance | E14: 0.07
B15: 130% Conventional | Excluding New Media | C15: 0.05 | D15: 2002-2003-50% Advance | E15: 0.08
B16: 110% PrePayment | All Use Including New Media | C16: 0.05 | D16: 2002-2003-25% Advance | E16: 0.09
B17: 105% Conventional | Excluding New Media | C17: 0.05 | D17: 2002-2003-0% Advance | E17: 0.11
B18: 100% Advance | C18: 0.05 | D18: 2002-2003-0% Advance - Super Low Budget | E18: 0.13
B19: 75% Advance | C19: 0.06 | D19: 2004-2006-100% Advance | E19: 0.06
B20: 50% Advance | C20: 0.07 | D20: 2004-2006-75% Advance | E20: 0.07
B21: 25% Advance | C21: 0.08 | D21: 2004-2006-50% Advance | E21: 0.08
B22: 0% Advance | C22: 0.09 | D22: 2004-2006-25% Advance | E22: 0.09
B23: 0% Advance - Super Low Budget | C23: 0.11 | D23: 2004-2006-0% Advance | E23: 0.11
D24: 2004-2006-0% Advance - Super Low Budget | E24: 0.13
D25: 2007-2009-100% Advance | E25: 0.05
D26: 2007-2009-75% Advance | E26: 0.06
D27: 2007-2009-50% Advance | E27: 0.07
D28: 2007-2009-25% Advance | E28: 0.08
D29: 2007-2009-0% Advance | E29: 0.09
D30: 2007-2009-0% Advance - Super Low Budget | E30: 0.11
D31: 2010-2012-100% Advance | E31: 0.05
D32: 2010-2012-75% Advance | E32: 0.06
D33: 2010-2012-50% Advance | E33: 0.07
D34: 2010-2012-25% Advance | E34: 0.08
D35: 2010-2012-0% Advance | E35: 0.09
... D72: 2022-2024-0% Advance - Super Low Budget | E72: 0.11

Sheet Delcared Use_HST
B1: Combined Rate | C1: GST / HST | D1: Provincial /
D2: Territorial
A3: Alberta | B3: 0.05 | C3: 0.05 | D3: Nil | E3: 5% HST | F3: 0.05 | G3: ="calculated at"&" "&"5%" -> calculated at 5%
A4: Yukon | B4: 0.05 | C4: 0.05 | D4: Nil | E4: 5% HST | F4: 0.05 | G4: ="calculated at"&" "&"5%" -> calculated at 5%
A5: Northwest Territories | B5: 0.05 | C5: 0.05 | D5: Nil | E5: 5% HST | F5: 0.05 | G5: ="calculated at"&" "&"5%" -> calculated at 5%
A6: Nunavut | B6: 0.05 | C6: 0.05 | D6: Nil | E6: 5% HST | F6: 0.05 | G6: ="calculated at"&" "&"5%" -> calculated at 5%
A7: Saskatchewan | B7: 0.11 | C7: 0.05 | D7: 0.06 | E7: 5% GST + 6% QST | F7: 0.11 | G7: ="calculated at"&" "&"11%" -> calculated at 11%
A8: British Columbia | B8: 0.12 | C8: 0.05 | D8: 0.07 | E8: 5% GST + 7% QST | F8: 0.12 | G8: ="calculated at"&" "&"12%" -> calculated at 12%
A9: Manitoba | B9: 0.12 | C9: 0.05 | D9: 0.07 | E9: 5% GST | F9: 0.05 | G9: ="calculated at"&" "&"5%" -> calculated at 5%
A10: Ontario | B10: 0.13 | C10: 0.13 | D10: N/A | E10: 13% HST | F10: 0.13 | G10: ="calculated at"&" "&"13%" -> calculated at 13%
A11: Quebec | B11: 0.14975 | C11: 0.05 | D11: 0.09975 | E11: 5% GST + 9.975% QST | F11: 0.14975 | G11: ="calculated at"&" "&"14.975%" -> calculated at 14.975%
A12: New Brunswick | B12: 0.15 | C12: 0.15 | D12: N/A | E12: 15% HST | F12: 0.15 | G12: ="calculated at"&" "&"15%" -> calculated at 15%
A13: Nova Scotia | B13: 0.15 | C13: 0.15 | D13: N/A | E13: 15% HST | F13: 0.15 | G13: ="calculated at"&" "&"15%" -> calculated at 15%
A14: Prince Edward Island | B14: 0.15 | C14: 0.15 | D14: N/A | E14: 15% HST | F14: 0.15 | G14: ="calculated at"&" "&"15%" -> calculated at 15%
A15: Newfoundland and Labrador | B15: 0.15 | C15: 0.15 | D15: N/A | E15: 15% HST | F15: 0.15 | G15: ="calculated at"&" "&"15%" -> calculated at 15%
A16: No Tax | E16: 0% Tax | F16: 0 | G16: ="calculated at"&" "&"0%" -> calculated at 0%
A22: 0.05 | B22: #N/A | C22: #N/A
F23: =_xlfn.XLOOKUP('REPORTING FORM'!H6,'Delcared Use_HST'!A3:A16,'Delcared Use_HST'!B3:B16) -> #N/A
A28: 0.05 | B28: #N/A | C28: #N/A
A32: Theatrical | B32: Worldwide theatrical Use for period of copyright of the Production
A33: Free Television | B33: One (1) domestic run in Canada
A34: Pay Television | B34: One (1) year’s Use in Canada
A35: Cable Television | B35: Three (3) years’ Use in Canada
A36: Compact Devices | B36: Two (2) years’ Use in Canada
A37: Educational Television | B37: Three (3) years’ Use in Canada
A38: New Media | B38: One (1) year Use
A39: Other | B39: N/A
